 Dungeon Crawl Stone Soup version 0.31.0-11-ge490571c62 (webtiles) character file.

Game seed: 11970081384409222877

1073 qw the Skirmisher (level 8, -3/39 HPs)
             Began as a Spriggan Hunter on Feb 4, 2024.
             Was a Follower of Okawaru.
             Slain by Duvessa
             ... wielding a +0 short sword
              (17 damage)
             ... on level 5 of the Dungeon.
             The game lasted 00:00:16 (3450 turns).

qw the Skirmisher (Spriggan Hunter)                 Turns: 3450, Time: 00:00:16

Health: -3/39      AC:  2    Str:  7    XL:     8   Next: 7%
Magic:  9/10       EV: 27    Int: 11    God:    Okawaru [*.....]
Gold:   259        SH:  0    Dex: 20    Spells: 7/7 levels left

rFire   . . .        a - +0 shortbow
rCold   . . .        (shield currently unavailable)
rNeg    . . .        c - +0 robe
rPois   .            (helmet restricted)
rElec   .            (no cloak)
rCorr   .            (gloves unavailable)
SInv    +            (boots unavailable)
Will    +....        f - amulet of faith
Stlth   ++++         (no ring)
HPRegen 0.26/turn    (no ring)
MPRegen 0.12/turn

%: faith
@: heroic, very quick
A: very small, no large weapons, unfitting armour, see invisible, speed 3
a: Renounce Religion, Heroism


You were on level 5 of the Dungeon.
You worshipped Okawaru.
Okawaru was aware of your devotion.
You visited 2 branches of the dungeon, and saw 6 of its levels.

You collected 259 gold pieces.


Innate Abilities, Weirdness & Mutations

You are very small and have problems with some larger weapons.
You are too small for most types of armour.
You have supernaturally acute eyesight. (SInv)
You cover ground extremely quickly. (Speed+++)


   Skills:
 + Level 2.4(7.4) Fighting
 - Level 8.1(13.1) Ranged Weapons
 - Level 7.4(12.4) Dodging
 - Level 1.5(6.5) Stealth
 + Level 2.2 Invocations


You had 7 spell levels left.
You didn't know any spells.
Your spell library was empty.

Inventory:

Hand Weapons
 a - a +0 shortbow (weapon)
Armour
 c - a +0 robe (worn)
Jewellery
 f - an amulet of faith (around neck)
 k - a ring of ice
 n - an amulet of guardian spirit
Wands
 h - a wand of flame (10)
Potions
 b - 2 potions of mutation
 d - 2 potions of cancellation
 e - a potion of degeneration {unknown}
 g - 3 potions of curing
 i - a potion of brilliance {unknown}
 l - a potion of enlightenment {unknown}
 m - a potion of attraction {unknown}

Dungeon Overview and Level Annotations

Branches:
Dungeon (5/15)             Temple (1/1) D:4

Altars:
Ashenzari
Cheibriados
Dithmenos
Elyvilon
Fedhas
Gozag
Hepliaklqana
Kikubaaqudgha
Makhleb
Nemelex Xobeh
Okawaru
Qazlal
Ru
Uskayaw
Vehumet
Wu Jian
Xom
Zin

Annotations:
D:5 Duvessa


Message History

Okawaru accepts your kill.
Duvessa screams in rage.
Duvessa goes berserk!
Enter note:
Enter note:
3438 ||| RETREEEEATING.
Enter note:
3439 ||| RETREEEEATING.
A black bear comes into view.
Enter note:
3440 ||| RETREEEEATING.
3441 ||| INVOKING Heroism.
You gain the combat prowess of a mighty hero.
You start resting.
Duvessa completely misses you.
Duvessa is nearby!
You shoot an arrow. The arrow closely misses Duvessa.
Duvessa barely misses you.
You shoot an arrow. The arrow barely misses Duvessa.
Duvessa hits you with a +0 short sword!
You shoot an arrow. The arrow hits Duvessa!
Duvessa is moderately wounded.
You hear an angry growl.
Duvessa misses you.
You shoot an arrow. The arrow hits Duvessa!
Duvessa is moderately wounded.
Duvessa misses you.
You shoot an arrow.
The arrow hits Duvessa but does no damage.
Duvessa is moderately wounded.
Duvessa hits you with a +0 short sword!
You shoot an arrow. The arrow hits Duvessa.
Duvessa is heavily wounded.
Duvessa misses you.
Enter note:
3449 ||| RETREEEEATING.
You shoot an arrow. The arrow hits Duvessa!
Duvessa is heavily wounded.
Duvessa hits you with a +0 short sword!
You die...

##### ...h. ###############.w...
#......#......).....
#.####.#........... #.#
#.#........# ########## #.#
#.#....w...# #........#
###.####.##....#######........#
...............e@.............#
########.##....#######........#
###### #.##....#######........#
.....# #.#####......##........###
.###.# #...........)###.#####....
.###.# #.#####......# #..## #....
.....###.# #......# ##..# #....
..#<.....#####....#######.###....
..#...........................(..


You could see Duvessa (berserk).

Vanquished Creatures
  A black bear (D:5)
  2 ogres (D:4)
  3 phantoms (D:4)
  A scorpion (D:5)
  Dowan (D:5)
  A water moccasin skeleton (D:4)
  A howler monkey (D:4)
  A centaur zombie (D:4)
  3 hounds (D:4)
  A sleepcap (D:4)
  An iguana (D:4)
  2 hound zombies (D:4)
  2 hound skeletons (D:4)
  A howler monkey zombie (D:4)
  3 adders
  A shadow imp (D:5)
  2 ufetubi (D:5)
  4 adder zombies (D:4)
  5 dart slugs
  2 ribbon worms (D:2)
  3 orcs
  5 endoplasms
  4 giant cockroaches
  5 goblins
  7 hobgoblins
  7 jackals
  A quokka (D:4)
  10 ball pythons
  9 bats
  6 frilled lizards
  10 kobolds
  7 rats
112 creatures vanquished.

Notes
Turn   | Place    | Note
-------+----------+-------------------------------------------
     0 | D:1      | qw the Spriggan Hunter began the quest for the Orb.
     0 | D:1      | Reached XP level 1. HP: 10/10 MP: 2/2
     0 | D:1      | 0 ||| qw: Version: 0.3-a-160-g6735b56
     0 | D:1      | 0 ||| qw: Game counter: 4706
     0 | D:1      | 0 ||| qw: Melee chars always use a shield: true
     0 | D:1      | 0 ||| qw: God list: Okawaru
     0 | D:1      | 0 ||| qw: Allow faded altars: false
     0 | D:1      | 0 ||| qw: Do Orc after clearing Dungeon:15 true
     0 | D:1      | 0 ||| qw: Do second Lair branch before Depths: true
     0 | D:1      | 0 ||| qw: Lair rune preference: random
     0 | D:1      | 0 ||| qw: Goals: Normal
     0 | D:1      | 0 ||| PLANNING D:1-11
    59 | D:1      | 59 ||| RETREEEEATING.
    62 | D:1      | Reached skill level 3 in Dodging
    73 | D:1      | Reached XP level 2. HP: 14/14 MP: 3/3
   369 | D:1      | Reached XP level 3. HP: 18/18 MP: 4/4
   871 | D:1      | 871 ||| READING scroll labelled OXOEWEO UNLUTI.
   872 | D:1      | 872 ||| READING 2 scrolls labelled LIVVIF LEADEM.
   872 | D:1      | 872 ||| IDENTIFYING bubbling black potion
   873 | D:1      | 873 ||| READING scroll of identify.
   873 | D:1      | 873 ||| IDENTIFYING 2 bubbling blue potions
   874 | D:1      | 874 ||| READING scroll labelled YSIEDA ALUW.
   879 | D:1      | 879 ||| DRINKING 3 lumpy inky potions.
   880 | D:1      | 880 ||| DROPPING scroll of butterflies.
  1644 | D:2      | 1644 ||| READING scroll labelled SUESONUYMY.
  1645 | D:2      | 1645 ||| READING scroll labelled GUNEAFUKHLU.
  1663 | D:3      | Reached skill level 5 in Ranged Weapons
  1706 | D:3      | Reached XP level 4. HP: 22/22 MP: 5/5
  2202 | D:3      | 2202 ||| UPGRADING to amulet of faith.
  2207 | D:3      | 2207 ||| READING scroll of identify.
  2207 | D:3      | 2207 ||| IDENTIFYING blue potion
  2208 | D:3      | 2208 ||| READING scroll labelled KISSOU KEMMEBEV.
  2217 | D:4      | Noticed a phantom
  2218 | D:4      | 2218 ||| RETREEEEATING.
  2219 | D:4      | 2219 ||| RETREEEEATING.
  2220 | D:4      | 2220 ||| RETREEEEATING.
  2236 | D:4      | HP: 4/23 [hound skeleton (3)]
  2237 | D:4      | 2237 ||| READING 2 scrolls of teleportation.
  2238 | D:4      | 2238 ||| DRINKING 2 potions of heal wounds.
  2256 | D:4      | Reached XP level 5. HP: 26/26 MP: 6/6
  2297 | D:4      | Killed a phantom
  2313 | D:4      | Noticed a phantom
  2323 | D:4      | Reached skill level 6 in Ranged Weapons
  2323 | D:4      | Reached XP level 6. HP: 30/30 MP: 7/7
  2455 | D:4      | Reached skill level 6 in Dodging
  2517 | D:4      | HP: 1/30 [sleepcap (20)]
  2518 | D:4      | 2518 ||| READING scroll of teleportation.
  2519 | D:4      | 2519 ||| DRINKING potion of heal wounds.
  2564 | D:4      | Found a staircase to the Ecumenical Temple.
  2565 | D:4      | 2565 ||| PLANNING TEMPLE
  2565 | D:4      | 2565 ||| READING scroll labelled IMUNGI ROFRAMA.
  2578 | Temple   | Entered the Ecumenical Temple
  2579 | Temple   | 2579 ||| PLANNING OKAWARU WORSHIP
  2582 | Temple   | Became a worshipper of Warmaster Okawaru
  2583 | Temple   | 2583 ||| PLANNING D:1-11
  2597 | D:4      | Reached skill level 7 in Ranged Weapons
  2597 | D:4      | Reached XP level 7. HP: 23/35 MP: 8/8
  3115 | D:4      | Found a burning altar of Makhleb.
  3129 | D:4      | Reached * piety under Okawaru
  3214 | D:5      | Entered Level 5 of the Dungeon
  3234 | D:5      | Reached skill level 1 in Invocations
  3282 | D:5      | Reached skill level 8 in Ranged Weapons
  3310 | D:5      | Reached XP level 8. HP: 39/39 MP: 10/10
  3324 | D:5      | Noticed Dowan
  3434 | D:5      | Noticed Duvessa
  3437 | D:5      | Killed Dowan
  3438 | D:5      | 3438 ||| RETREEEEATING.
  3439 | D:5      | 3439 ||| RETREEEEATING.
  3440 | D:5      | 3440 ||| RETREEEEATING.
  3441 | D:5      | 3441 ||| INVOKING Heroism.
  3449 | D:5      | 3449 ||| RETREEEEATING.
  3450 | D:5      | Slain by Duvessa

Levels and vault maps discovered:
D:1:      lemuel_arrival_rhombus, layout_basic, minmay_cut_off
D:2:      layout_loops_corners
D:3:      layout_loops_ring
D:4:      layout_rooms, makhleb_blood_cavern_becter, minmay_temple_entry_arrows,
          serial_undead, serial_undead_e, serial_undead_d, serial_undead_a,
          serial_undead_c, serial_undead_b, serial_undead_e, serial_undead_e,
          serial_undead_c, dreamdust_princess_corridor,
          kennysheep_generic_room_3
D:5:      layout_basic, nicolae_overflow_crystal_walls, grunt_ministairs_9,
          uniq_duvessa
Temple:   sentei_temple_godly_chess

Skill      XL: |  1  2  3  4  5  6  7  8 |
---------------+-------------------------+-----
Dodging        | 3 4 5 6 7 |  7.4
Ranged Weapons | 5 6 7 8 |  8.1
Fighting       | 2 |  2.4
Invocations    | 1 2 |  2.2
Stealth        | |  1.5

Action                     |  1- 3 |  4- 6 |  7- 9 || total
---------------------------+-------+-------+-------++-------
   Fire: Shortbow          |   139 |   152 |   127 ||   418
 Invoke: Heroism           |       |       |     1 ||     1
    Use: Scroll            |     6 |     5 |       ||    11
         Potion            |     1 |     2 |       ||     3
 Armour: Robe              |    13 |    31 |    19 ||    63
  Dodge: Dodged            |    40 |   114 |    67 ||   221

Table legend:
 A = Non-vault XP
 B = Vault XP
 C = Vault XP percentage of total XP
 D = Non-vault monster count
 E = Vault monster count
 F = Vault count percentage of total count
                 A         B        C        D         E       F
            +---------+---------+-------+---------+---------+-------
      Total |     981 |     552 |  36.0 |      94 |      18 |  16.1
            +---------+---------+-------+---------+---------+-------
        D:1 |      54 |       3 |   5.3 |      33 |       2 |   5.7
        D:2 |      28 |       0 |   0.0 |      16 |       0 |   0.0
        D:3 |      58 |       0 |   0.0 |      18 |       0 |   0.0
        D:4 |     578 |     482 |  45.5 |      20 |      15 |  42.9
        D:5 |     263 |      67 |  20.3 |       7 |       1 |  12.5
            +---------+---------+-------+---------+---------+-------
